 Dungeon Crawl Stone Soup version 0.29.1-1-gd02db6906a (webtiles) character file.

Game seed: 6586363612492437680

15263 bwicke the Martial Artist (level 11, -5/99 (101) HPs)
             Began as a Demonspawn Wanderer on Oct 19, 2022.
             Was a High Priest of Jiyva.
             Slain by an apocalypse crab (17 damage)
             ... in a Gauntlet on Oct 20, 2022.
             The game lasted 00:45:18 (9515 turns).

bwicke the Martial Artist (Demonspawn Wanderer)     Turns: 9515, Time: 00:45:18

HP:   -5/99 (101)   AC:  5    Str: 13    XL:     11   Next: 99%
MP:   4/11          EV: 20    Int: 14    God:    Jiyva [*****.]
Gold: 591           SH:  0    Dex: 16    Spells: 10/10 levels left

rFire   + . .      SeeInvis +     - Unarmed
rCold   . . .      Faith    .   (no shield)
rNeg    . . .      Spirit   .   v - +1 robe of the Forest {rPois Slay+3 Stlth-}
rPois   +          Reflect  .   (helmet restricted)
rElec   .          Harm     .   t - +0 cloak
rCorr   +          Rampage  .   (no gloves)
Will    .....      NoTele   +   (no boots)
Stlth   ..........              (no amulet)
HPRegen 1.70/turn               i - ring of wizardry
MPRegen 0.57/turn               (no ring)

@: mighty, slimy, lightly drained, invisible
A: repulsion field 1, ignite blood 3, demonic touch 1, horns 1, fire resistance
1, robust 1, wild magic 2, eyeballs 3, gelatinous body 1
a: Renounce Religion, Oozemancy, Slimify


You were in a Gauntlet.
You worshipped Jiyva.
Jiyva was extremely pleased with you.
You visited 1 branch of the dungeon, and saw 11 of its levels.
You also visited: Ossuary and Gauntlet.

You collected 591 gold pieces.

Inventory:

Hand Weapons
 a - a +6 vorpal trident
 b - a +4 dagger of chaos
 r - a +0 sling
 u - a +1 dagger of venom
 x - a +2 halberd of freezing
 B - a +2 hand axe of electrocution
 D - a +2 dagger of speed
 E - a +4 morningstar of freezing
 U - a +4 falchion
 W - the +7 demon whip of Brawling {drain, Fragile rElec Int+2}
   (You found it on level 10 of the Dungeon)

   A truly terrible weapon, it drains the life of any living foe it strikes.
   Int:       It affects your intelligence (+2).
   rElec:     It insulates you from electricity.
   Fragile:   It will be destroyed if unequipped.
 Y - a +1 dagger of draining
Missiles
 k - 21 poisoned darts
 q - 3 silver boomerangs
 w - 2 javelins
 y - 3 silver javelins
 T - 3 curare-tipped darts
Armour
 c - a +0 helmet
 t - a +0 cloak (worn)
 v - the +1 robe of the Forest (worn) {rPois Slay+3 Stlth-}
   (You found it on level 4 of the Dungeon)

   Slay:      It affects your accuracy & damage with ranged weapons and melee
   (+3).
   rPois:     It protects you from poison.
   Stlth:     It makes you less stealthy.
 L - a scarf of invisibility
 S - +2 acid dragon scales
Magical Staves
 Q - a staff of poison
 R - a staff of death
 Z - a staff of fire
Jewellery
 i - a ring of wizardry (left hand)
Wands
 e - a wand of roots (3)
 s - a wand of charming (10)
 C - a wand of mindburst (4)
 X - a wand of digging (2)
Scrolls
 m - a scroll of blinking
 o - a scroll of butterflies
 p - 4 scrolls of teleportation
 z - 3 scrolls of amnesia
 G - 3 scrolls of noise
 H - a scroll of magic mapping
 K - 2 scrolls of fear
 M - a scroll of immolation
 O - a scroll of enchant armour {unknown}
 V - a scroll of poison
Potions
 d - 3 potions of attraction
 f - a potion of brilliance {unknown}
 g - 3 potions of berserk rage
 h - 6 potions of curing {unknown}
 j - 3 potions of resistance {unknown}
 l - 3 potions of degeneration {unknown}
 A - a potion of lignification {unknown}
 F - 4 potions of heal wounds {unknown}
 I - 2 potions of might {unknown}
 J - a potion of mutation {unknown}
 N - 2 potions of invisibility {unknown}
 P - 2 potions of magic {unknown}


   Skills:
 - Level 10.5 Fighting
 - Level 4.1 Maces & Flails
 - Level 1.0(2.7) Staves
 - Level 1.0 Throwing
 - Level 1.7 Armour
 - Level 9.1 Dodging
 - Level 2.7 Shields
 + Level 11.9 Unarmed Combat


You had 10 spell levels left.
You didn't know any spells.
Your spell library contained the following spells:

 Spells                   Type           Power      Damage    Failure   Level
 Gell's Gravitas          Tloc           0%         N/A       45%         3
 Lesser Beckoning         Tloc           0%         N/A       45%         3
 Teleport Other           Tloc           0%         N/A       45%         3
 Fireball                 Conj/Fire      0%         3d3       98%         5
 Starburst                Conj/Fire      0%         6d3       100%        6
 Ignition                 Fire           0%         3d3       100%        8


Dungeon Overview and Level Annotations

Branches:
Dungeon (11/15)            Temple (0/1) D:5            Lair (0/5) D:11
Ossuary (visited)         Gauntlet (1/1)
    Orc: D:9-12

Altars:
Cheibriados
Fedhas
Gozag
Kikubaaqudgha
Makhleb
Okawaru
Qazlal
Sif Muna
Trog
Uskayaw
Vehumet
Wu Jian
Jiyva

Shops:
D:10 [

Annotations:
D:4 exclusion: statue
D:10 2 transporters, miserystealer's ghost, journeyman GnHu Gauntlet 13 transporters


Innate Abilities, Weirdness & Mutations

You are surrounded by a mild repulsion field. (EV +2)
Your demonic aura causes all spilled blood to erupt in flames.
Your touch may inflict minor irresistible damage on your foes.
You have a pair of small horns on your head.
Your flesh is heat resistant. (rF+)
You are robust. (+10% HP)
Your spells are harder to cast, but more powerful.
Your body is covered in eyes which may confuse attackers. (Acc +7, SInv)
Your rubbery body absorbs attacks. (AC +1, EV +1)


Message History

You are engulfed in seething chaos.
You feel very mighty all of a sudden.
The apocalypse crab is engulfed in seething chaos.
The apocalypse crab seems to grow stronger.
The apocalypse crab bites you!
You are engulfed in flames.
You resist. The apocalypse crab claws you!
You feel your power leaking away.
The apocalypse crab breathes chaos at you.
The blast of chaos engulfs you.
You feel drained.
You are engulfed in seething chaos.
The apocalypse crab is engulfed in seething chaos.
The apocalypse crab bites you! The apocalypse crab shocks you!
The apocalypse crab claws you!!
* * * LOW HITPOINT WARNING * * *
You are engulfed in seething chaos.
The apocalypse crab bites you but does no damage.
The eyeballs on your body gaze at the apocalypse crab.
The apocalypse crab claws you!
* * * LOW HITPOINT WARNING * * *
The apocalypse crab shocks you!
* * * LOW HITPOINT WARNING * * *
You can move again.
Okay, then.
A thick mucus forms on your hands.
You hit the apocalypse crab. You headbutt the apocalypse crab!
You touch the apocalypse crab.
The apocalypse crab is heavily wounded.
You hit the apocalypse crab.
The apocalypse crab is heavily wounded.
The apocalypse crab closely misses you.
The eyeballs on your body gaze at the apocalypse crab.
The apocalypse crab misses you.
The eyeballs on your body gaze at the apocalypse crab.
You hit the apocalypse crab but do no damage.
The apocalypse crab is heavily wounded.
You catch the helpless apocalypse crab completely off-guard!
You hit the apocalypse crab. You headbutt the apocalypse crab.
The apocalypse crab is severely wounded.
The apocalypse crab closely misses you. The apocalypse crab claws you!
You die...

#######.#######....≈8≈....#######
#©...........©#....§≈§§...#©.....
###################§.§###########
.©....#≈#..).©[$..#...#}[#.©.#WW#
#.##..#≈#.#.....#.#...##..#.#..##
...##.#≈#.##...##.#...#W#..#..#.#
....#w#≈#..#####..#...#W.#...#.W#
.©....#8#....©.t.°#...##.W#.#.
....#.#§#..##.##@.#...#W#..#..#.#
...##.#≈#.##.§§##.#...#W.#.©.#..#
#.##.w#§#.#.....#.#...#W..#.#...#
....ww#≈#.......§.#...#W.WW#....#
###################...###########
#©...........©#.....≈.....#©.....
#######.#######....≈8≈....#######
......#.#...........≈...........#
......#.###########...###########


You could see an apocalypse crab (strong, confused, slow) and 6 shadows.

Vanquished Creatures
  2 yaktaur captains (D:10)
  A death knight (D:10)
  Sonja (D:10)
  A deep elf knight (D:10)
  A wizard (D:10)
  A deep elf archer (D:10)
  An ugly thing (D:11)
  An orc knight (D:10)
  Maggie (D:7)
  An unseen horror (D:11)
  Psyche (D:8)
  2 trolls (D:10)
  A hornet (D:10)
  3 flying skulls (Gauntlet)
  3 wyverns
  3 wraiths
  7 yaks
  2 vampires (D:10)
  4 acid dragons
  Menkaure (D:4)
  A water moccasin (D:7)
  2 orc warriors
  2 sky beasts
  2 ice beasts
  An ogre (D:6)
  3 bullfrogs
  A gnoll sergeant (D:8)
  4 kobold brigands
  A necrophage (D:6)
  2 scorpions
  11 wights
  21 killer bees
  2 howler monkeys (D:7)
  3 hounds
  4 jellies
  3 orc priests (D:6)
  6 iguanas
  9 orc wizards
  10 mummies (Ossuary)
  12 gnolls
  5 adders
  A white imp (D:5)
  2 ufetubi
  A worm (D:10)
  5 dart slugs
  23 orcs
  3 giant cockroaches
  6 goblins
  3 hobgoblins
  4 jackals
  7 kobolds
  A quokka (D:3)
  3 ball pythons
  2 bats
  3 frilled lizards
  2 gnoll skeletons (Ossuary)
  A goblin skeleton (Ossuary)
  2 kobold skeletons (Ossuary)
  An orc skeleton (Ossuary)
  5 rats
  11 rat skeletons (Ossuary)
229 creatures vanquished.

Vanquished Creatures (collateral kills)
  A boulder beetle (D:10)
  2 two-headed ogres (D:9)
  A gargoyle (D:10)
4 creatures vanquished.

Vanquished Creatures (others)
  A glowing orange brain (Gauntlet)
  An ugly thing (Gauntlet)
  A water moccasin (D:6)
  A black bear (D:6)
  2 centaurs
  A wight (D:6)
  5 killer bees (D:10)
  2 howler monkeys
  37 jellies
  A gnoll bouda (D:7)
  An iguana (D:7)
  6 orc wizards
  A statue (D:4)
  2 mummies (Ossuary)
  10 gnolls
  2 dart slugs
  9 orcs
  3 endoplasms
  A goblin (D:2)
  A hobgoblin (D:4)
  2 kobolds
  2 goblin skeletons (Ossuary)
  4 demonic plants (Gauntlet)
  29 plants
  14 withered plants (Gauntlet)
139 creatures vanquished.

Grand Total: 372 creatures vanquished

Notes
Turn   | Place    | Note
-------+----------+-------------------------------------------
     0 | D:1      | bwicke the Demonspawn Wanderer began the quest for the Orb.
     0 | D:1      | bwicke set off with the following items: a +2 mace, a +0
                  | quarterstaff, a +0 buckler, a potion of attraction, a +0
                  | robe.
     0 | D:1      | Reached XP level 1. HP: 13/13 MP: 1/1
   183 | D:1      | Gained mutation: Your touch may inflict minor irresistible
                  | damage on your foes. [demonic ancestry]
   183 | D:1      | Reached XP level 2. HP: 12/19 MP: 2/2
   990 | D:2      | Gained mutation: Your demonic aura sometimes causes spilled
                  | blood to erupt in flames. [demonic ancestry]
   990 | D:2      | Reached XP level 3. HP: 16/24 MP: 3/3
   995 | D:2      | Found a faded altar of an unknown god.
  1341 | D:2      | Prayed at the altar of an unknown god.
  1341 | D:2      | Became a worshipper of Jiyva Jodel the Shapeless
  1341 | D:2      | Reached * piety under Jiyva
  1534 | D:2      | Reached skill level 1 in Fighting
  1946 | D:3      | Reached XP level 4. HP: 33/33 MP: 4/4
  1979 | D:3      | Found an ancient bone altar of Kikubaaqudgha.
  2053 | D:3      | Reached ** piety under Jiyva
  2400 | D:3      | Found an iron altar of Okawaru.
  2402 | D:3      | Found a shimmering blue altar of Sif Muna.
  2485 | D:4      | Gained mutation: Your demonic aura often causes spilled
                  | blood to erupt in flames. [demonic ancestry]
  2485 | D:4      | Reached XP level 5. HP: 42/42 MP: 5/5
  2490 | D:4      | Found a hide-covered altar of Uskayaw.
  2515 | D:4      | Found a radiant altar of Vehumet.
  2515 | D:4      | Noticed a frost-covered statue
  2534 | D:4      | Identified the +1 robe of the Forest {rPois Slay+3 Stlth-}
  2655 | D:4      | Noticed Menkaure
  2668 | D:4      | Killed Menkaure
  2669 | D:4      | Reached skill level 5 in Fighting
  2669 | D:4      | Reached XP level 6. HP: 14/51 MP: 6/6
  2735 | D:4      | Reached *** piety under Jiyva
  2759 | D:4      | Gained mutation: You expend magic power (3 MP) to
                  | strengthen your wands. [Jiyva's grace]
  2759 | D:4      | Gained mutation: You have acidic saliva. [Jiyva's grace]
  2759 | D:4      | Gained mutation: Your rubbery body absorbs attacks. (AC +1,
                  | EV +1) [Jiyva's grace]
  2759 | D:4      | Gained mutation: Your pliable body absorbs attacks. (AC +2,
                  | EV +2) [Jiyva's grace]
  3187 | D:5      | Entered Level 5 of the Dungeon
  3200 | D:5      | Reached skill level 1 in Unarmed Combat
  3262 | D:5      | Reached skill level 2 in Unarmed Combat
  3313 | D:5      | Found a staircase to the Ecumenical Temple.
  3426 | D:5      | Reached skill level 3 in Unarmed Combat
  3459 | D:5      | Reached XP level 7. HP: 56/56 MP: 7/7
  3471 | D:5      | Reached **** piety under Jiyva
  3969 | D:6      | Reached skill level 4 in Unarmed Combat
  3971 | D:6      | Reached skill level 5 in Unarmed Combat
  3974 | D:6      | Reached skill level 6 in Unarmed Combat
  3975 | D:6      | Reached XP level 8. HP: 22/62 MP: 8/8
  3977 | D:6      | Reached skill level 7 in Unarmed Combat
  4001 | D:6      | Found a sand-covered staircase.
  4014 | Ossuary  | Entered an ossuary
  4519 | D:6      | Reached skill level 8 in Unarmed Combat
  4525 | D:6      | Found an ornate altar of the Wu Jian Council.
  4711 | D:7      | Found a stormy altar of Qazlal.
  4753 | D:7      | Reached skill level 9 in Unarmed Combat
  4753 | D:7      | Gained mutation: Your demonic aura causes all spilled blood
                  | to erupt in flames. [demonic ancestry]
  4753 | D:7      | Reached XP level 9. HP: 68/68 MP: 9/9
  4820 | D:7      | Reached skill level 10 in Unarmed Combat
  5029 | D:7      | Lost mutation: You have acidic saliva. [Jiyva's grace]
  5029 | D:7      | Gained mutation: Your melee attacks may engulf your foes in
                  | ooze. [Jiyva's grace]
  5029 | D:7      | Gained mutation: Your flesh is heat resistant. (rF+)
                  | [Jiyva's grace]
  5029 | D:7      | Gained mutation: Your flesh is very heat resistant. (rF++)
                  | [Jiyva's grace]
  5029 | D:7      | Gained mutation: Your flesh is almost immune to the effects
                  | of heat. (rF+++) [Jiyva's grace]
  5031 | D:7      | Found a burning altar of Makhleb.
  5371 | D:7      | Reached ***** piety under Jiyva
  5390 | D:7      | Reached skill level 11 in Unarmed Combat
  5473 | D:7      | Noticed Maggie
  5493 | D:7      | Killed Maggie
  5642 | D:8      | Noticed Psyche
  5654 | D:8      | Killed Psyche
  5655 | D:8      | Reached XP level 10. HP: 58/74 MP: 8/10
  6671 | D:9      | Lost mutation: Your flesh is almost immune to the effects
                  | of heat. (rF+++) [Jiyva's grace]
  6671 | D:9      | Lost mutation: You expend magic power (3 MP) to strengthen
                  | your wands. [Jiyva's grace]
  6671 | D:9      | Lost mutation: Your melee attacks may engulf your foes in
                  | ooze. [Jiyva's grace]
  6671 | D:9      | Gained mutation: Your spells are a little harder to cast,
                  | but a little more powerful. [Jiyva's grace]
  6671 | D:9      | Gained mutation: Your spells are harder to cast, but more
                  | powerful. [Jiyva's grace]
  6671 | D:9      | Gained mutation: Your spells are much harder to cast, but
                  | much more powerful. [Jiyva's grace]
  6671 | D:9      | Gained mutation: You have a pair of small horns on your
                  | head. [Jiyva's grace]
  6776 | D:9      | Noticed a two-headed ogre
  6786 | D:9      | Killed a two-headed ogre
  7064 | D:9      | Noticed a two-headed ogre
  7069 | D:9      | Killed a two-headed ogre
  7517 | D:10     | Entered Level 10 of the Dungeon
  7544 | D:10     | Reached ****** piety under Jiyva
  7593 | D:10     | Noticed a wizard
  7598 | D:10     | Killed a wizard
  7599 | D:10     | Reached skill level 10 in Fighting
  7604 | D:10     | Noticed a deep elf archer
  7611 | D:10     | Killed a deep elf archer
  7612 | D:10     | Gained mutation: You are surrounded by a mild repulsion
                  | field. (EV +2) [demonic ancestry]
  7612 | D:10     | Reached XP level 11. HP: 81/92 MP: 11/11
  7616 | D:10     | Identified the +7 demon whip of Brawling {drain, Fragile
                  | rElec Int+2}
  7691 | D:10     | Reached skill level 1 in Dodging
  7715 | D:10     | Found a blossoming altar of Fedhas.
  7799 | D:10     | Noticed Sonja
  7827 | D:10     | Found a snail-covered altar of Cheibriados.
  7846 | D:10     | Killed Sonja
  8026 | D:10     | Found an opulent altar of Gozag.
  8055 | D:10     | Found Hebb's Armour Shop.
  8074 | D:10     | Noticed an orc knight
  8092 | D:10     | Killed an orc knight
  8093 | D:10     | Reached skill level 5 in Dodging
  8095 | D:10     | Noticed a yaktaur captain
  8100 | D:10     | Killed a yaktaur captain
  8153 | D:10     | Noticed miserystealer's ghost (journeyman GnHu)
  8154 | D:10     | Found a transporter.
  8154 | D:10     | Noticed an ice dragon
  8183 | D:10     | Found a transporter.
  8209 | D:10     | Noticed a death knight
  8216 | D:10     | Killed a death knight
  8219 | D:10     | Noticed a yaktaur captain
  8226 | D:10     | Killed a yaktaur captain
  8334 | D:10     | Noticed a boulder beetle
  8346 | D:10     | Killed a boulder beetle
  8363 | D:10     | Noticed a deep elf knight
  8377 | D:10     | Killed a deep elf knight
  8654 | D:10     | Found a bloodstained altar of Trog.
  8807 | D:11     | Lost mutation: Your flesh is very heat resistant. (rF++)
                  | [Jiyva's grace]
  8807 | D:11     | Lost mutation: Your spells are much harder to cast, but
                  | much more powerful. [Jiyva's grace]
  8807 | D:11     | Lost mutation: Your pliable body absorbs attacks. (AC +2,
                  | EV +2) [Jiyva's grace]
  8807 | D:11     | Gained mutation: Your body has grown eyes which may confuse
                  | attackers. (Acc +3) [Jiyva's grace]
  8807 | D:11     | Gained mutation: Your body has grown many eyes which may
                  | confuse attackers. (Acc +5) [Jiyva's grace]
  8807 | D:11     | Gained mutation: Your body is covered in eyes which may
                  | confuse attackers. (Acc +7, SInv) [Jiyva's grace]
  8807 | D:11     | Gained mutation: You are robust. (+10% HP) [Jiyva's grace]
  8898 | D:11     | Found a gate leading to a gauntlet.
  9010 | D:11     | Noticed a cyan ugly thing
  9025 | D:11     | Killed a cyan ugly thing
  9050 | D:11     | Found a staircase to the Lair.
  9084 | Gauntlet | Entered a Gauntlet
  9084 | Gauntlet | Found a transporter.
  9084 | Gauntlet | Found a transporter.
  9089 | Gauntlet | Found a transporter.
  9092 | Gauntlet | Noticed a wizard
  9105 | Gauntlet | Found a transporter.
  9126 | Gauntlet | Found a transporter.
  9135 | Gauntlet | Found a transporter.
  9137 | Gauntlet | Noticed a purple ugly thing
  9139 | Gauntlet | Noticed a white ugly thing
  9157 | Gauntlet | Found a transporter.
  9157 | Gauntlet | Noticed a glowing orange brain
  9231 | Gauntlet | Found a transporter.
  9231 | Gauntlet | Found a transporter.
  9244 | Gauntlet | Found a transporter.
  9246 | Gauntlet | Found a transporter.
  9251 | Gauntlet | Found a transporter.
  9252 | Gauntlet | Noticed a death scarab
  9253 | Gauntlet | Noticed a death scarab
  9284 | Gauntlet | Found a transporter.
  9284 | Gauntlet | Killed a purple ugly thing
  9314 | Gauntlet | Found a transporter.
  9357 | Gauntlet | Found a transporter.
  9373 | Gauntlet | Found a transporter.
  9410 | Gauntlet | Killed a glowing orange brain
  9505 | Gauntlet | Paralysed by you for 5 turns
  9515 | Gauntlet | Slain by an apocalypse crab

Illustrated notes

Levels and vault maps discovered:
D:1:      spicycebolla_green_bress_n_ham, layout_basic, minmay_door_square
D:2:      layout_basic, basic_ecumenical_altar, cheibrodos_gnoll_hut
D:3:      layout_loops_ring, mainiacjoe_overflow_six_doors_small,
          gammafunk_temple_overflow_statue, kennysheep_crisscross
D:4:      layout_basic, vehumet_statue, kennysheep_mini_moat, uniq_menkaure
D:5:      wad_lake_hut, layout_rooms, minmay_temple_entry_slanted
D:6:      hangedman_cross_stitches, layout_rooms, overflow_temple_1_default,
          enter_ossuary_1, ebering_dispersal_statue_hall, minmay_small_thing
D:7:      layout_loops_ring, mainiacjoe_overflow_surrounded_room,
          nicolae_qazlal_scattered_showers, grunt_ministairs_8, uniq_maggie
D:8:      layout_layer_cave, roderic_roman_lattice, minmay_statues_item,
          uniq_psyche
D:9:      layout_cave_pods
D:10:     minmay_chopped_fan, layout_basic, lemuel_tele_altar,
          lightli_temple_of_fire, marbit_many_paths, slow_altar_1, serial_shops,
          shop, gammafunk_ghost_berserking_beasts, uniq_sonja
D:11:     layout_cave_pods, david_lair_shrubbed, gauntlet_entry_generic,
          serial_park, serial_park_tiny_pond, serial_park_gazebo
          [serial_park_minivault_5x5_6], serial_park_square1
          [serial_park_minivault_5x5_6], serial_park_tiny_pond
Gauntlet: gammafunk_gauntlet_branching [nicolae_gauntlet_arena_blocks,
          nicolae_gauntlet_arena_t_cross,
          gammafunk_gauntlet_arena_split_diamond,
          gammafunk_gauntlet_arena_split_x,
          gammafunk_gauntlet_arena_arrow_garden,
          gammafunk_gauntlet_arena_chambers, gammafunk_gauntlet_arena_crates,
          gammafunk_gauntlet_arena_mazey, gauntlet_exit_green]

Skill      XL: |  1  2  3  4  5  6  7  8  9 10 11 |
---------------+----------------------------------+-----
Shields        | 2 |  2.7
Maces & Flails | 4 |  4.1
Fighting       | 2 3 5 10 | 10.5
Unarmed Combat | 3 6 9 11 | 11.9
Dodging        | 9 |  9.1
Staves         | |  1.0
Throwing       | |  1.0
Armour         | |  1.7

Action                   |  1- 3 |  4- 6 |  7- 9 | 10-12 || total
-------------------------+-------+-------+-------+-------++-------
Melee: Mace              |    65 |     5 |     2 |       ||    72
       Touch             |     6 |    14 |    38 |    42 ||   100
       Dagger            |       |    81 |    17 |     1 ||    99
       Bite              |       |     9 |    13 |       ||    22
       Punch             |       |     1 |     5 |    18 ||    24
       Unarmed           |       |       |   149 |   212 ||   361
       Trident           |       |       |    22 |     2 ||    24
       Headbutt          |       |       |       |    48 ||    48
 Fire: Sling             |       |       |     2 |     2 ||     4
Throw: Dart              |       |     2 |     1 |       ||     3
       Boomerang         |       |       |     1 |       ||     1
       Javelin           |       |       |     2 |       ||     2
Invok: Oozemancy         |       |       |     1 |     2 ||     3
       Slimify           |       |       |       |     1 ||     1
Evoke: Wand              |       |       |     4 |     2 ||     6
  Use: Scroll            |     3 |       |     9 |     2 ||    14
       Potion            |       |       |       |     1 ||     1
 Stab: Confused          |       |       |       |     2 ||     2
Armor: Robe              |    11 |    14 |    24 |    23 ||    72
       Ring mail         |     6 |    18 |       |       ||    24
Dodge: Dodged            |    27 |    56 |    88 |   148 ||   319
Block: Buckler           |    10 |       |       |       ||    10
